Senators vs Phantoms

Created - April 7, 2025 at 20:14

Goals
1 2 3 T
Senators 2 1 0 3
Phantoms 3 3 1 7
Shots
1 2 3 T
Senators 12 7 8 27
Phantoms 13 13 13 39

1st period

1. Senators , Vitaly Abramov 28 (Jonas Siegenthaler 25, Chase De Leo 37) at 3:44 (SH)
2. Senators , Radek Faksa 40 (Artem Zub 31, Marc Michaelis 39) at 10:12
3. Phantoms , Oliver Wahlstrom 4 (A.J. Greer 9, Mikko Lehtonen 24) at 16:17
4. Phantoms , Rem Pitlick 26 (J.T. Brown 19) at 16:49
5. Phantoms , Joe Snively 46 (Morgan Klimchuk 32) at 18:47 (PP)

Penalties :
Cliff Pu (Bel) for Cross-checking (Minor) at 3:12, Alec Regula (Bel) for Roughing (Minor) at 5:33, Marc Michaelis (Bel) for Close Hand On Puck (Minor) at 18:33

2nd period

6. Phantoms , Nick Sorensen 11 (Laurent Dauphin 14, Brett Murray 9) at 1:10
7. Phantoms , Sven Andrighetto 21 (Morgan Klimchuk 33, Joe Snively 77) at 1:24
8. Senators , Kiefer Sherwood 35 (Artem Zub 32, Radek Faksa 63) at 9:15
9. Phantoms , Laurent Dauphin 9 (Riley Stillman 14) at 14:43

Penalties :
Morgan Klimchuk (Leh) for Tripping (Minor) at 10:24

3rd period

10. Phantoms , A.J. Greer 9 (Rinat Valiev 27, Anthony Angello 2) at 14:31

Penalties :
No Penalty

Goalie Stats

Justus Annunen (Bel), 21 saves from 24 shots - (0.875), 38:50 minutes
David Rittich (Bel), 11 saves from 15 shots - (0.733), L, 22-15-5, 21:10 minutes
Zachary Fucale (Leh), 24 saves from 27 shots - (0.889), W, 23-18-6, 60:00 minutes

Players Stats for Senators

Player Name              G  A  P  +/- PIM S  H  SB GA TA FO     MP     PP MP  PK MP  
------------------------------------------------------------------------------------
Adam Mascherin           0  0  0   0  0   2  2  0  2  0  0/1     8:15   0:00   0:00 
Akil Thomas              0  0  0   0  0   0  1  0  0  0  0/2     8:15   0:00   0:00 
Alec Regula              0  0  0  -1  2   0  0  0  0  0  0/0     5:48   0:00   0:00 
Anton Karlsson           0  0  0  -2  0   2  0  0  0  1  0/0    10:56   0:00   0:00 
Artem Zub                0  2  2   0  0   0  2  1  0  1  0/0    24:51   1:18   2:37 
Arttu Ruotsalainen       0  0  0  -2  0   4  3  0  0  1  2/3    10:56   0:00   0:00 
Bryce Kindopp            0  0  0   0  0   1  2  0  0  0  0/0     8:15   0:00   0:00 
Carl Grundstrom          0  0  0  -2  0   0  2  0  0  0  0/0    16:46   0:51   0:20 
Chase De Leo             0  1  1  -1  0   1  1  1  0  0  7/18   18:18   0:51   1:32 
Cliff Pu                 0  0  0  -2  2   1  0  0  0  0  0/0    10:57   0:00   0:00 
Corey Shueneman          0  0  0   0  0   0  2  1  0  1  0/0    24:51   1:18   2:37 
Gustav Forsling          0  0  0  -1  0   1  1  0  0  0  0/0     5:29   0:00   0:00 
Jesse Graham             0  0  0  -1  0   0  1  0  0  0  0/0    18:28   0:41   1:35 
Jonas Siegenthaler       0  1  1  -1  0   1  2  0  0  1  0/0    18:28   0:41   1:35 
Kiefer Sherwood          1  0  1   0  0   3  1  0  0  1  0/0    19:49   1:08   0:00 
Marc Michaelis           0  1  1   0  2   2  1  0  0  0  1/1    22:13   1:08   2:23 
Martin Fehervary         0  0  0  -1  0   1  0  0  0  0  0/0    11:12   0:00   0:00 
Mason Geertsen           0  0  0  -1  0   0  0  1  0  0  0/0    11:12   0:00   0:00 
Radek Faksa              1  1  2   0  0   3  0  1  0  1  19/34  22:28   1:08   2:37 
Vitaly Abramov           1  0  1  -1  0   5  0  0  1  0  0/0    18:18   0:51   1:32 

Players Stats for Phantoms

Player Name              G  A  P  +/- PIM S  H  SB GA TA FO     MP     PP MP  PK MP  
------------------------------------------------------------------------------------
A.J. Greer               1  1  2   2  0   3  3  0  0  0  0/0     8:09   0:00   0:46 
Andrey Pedan             0  0  0   3  0   0  0  1  0  0  0/0    22:32   1:34   0:47 
Anthony Angello          0  1  1   2  0   0  0  0  0  1  1/3     8:12   0:00   0:52 
Blake Heinrich           0  0  0   0  0   5  2  1  0  0  0/0    26:17   2:38   1:12 
Brett Murray             0  1  1   2  0   0  4  0  0  0  0/0    11:35   0:00   0:22 
David Kampf              0  0  0   1  0   2  2  0  0  1  10/16  18:05   1:40   1:03 
J.T. Brown               0  1  1   1  0   2  1  0  0  1  1/2    17:02   1:40   0:00 
Joe Snively              1  1  2  -2  0   5  1  0  2  0  16/31  22:30   2:32   0:04 
Laurent Dauphin          1  1  2   2  0   2  0  1  0  0  1/3    11:13   0:00   0:00 
Matt Kiersted            0  0  0   0  0   1  0  2  0  0  0/0    11:58   0:00   0:47 
Mikko Lehtonen           0  1  1   0  0   0  0  0  0  0  0/0    24:38   2:38   0:00 
Morgan Klimchuk          0  2  2  -2  2   6  4  0  2  0  0/1    22:25   2:32   0:00 
Nick Sorensen            1  0  1   2  0   3  0  1  1  0  0/0    11:13   0:00   0:00 
Oliver Wahlstrom         1  0  1   2  0   1  0  0  0  0  0/0     7:20   0:00   0:00 
Rem Pitlick              1  0  1   1  0   2  0  1  0  0  0/0    17:53   1:40   0:51 
Riley Stillman           0  1  1   0  0   0  1  1  0  0  0/0    11:11   0:00   0:00 
Rinat Valiev             0  1  1   3  0   4  1  2  0  0  0/0    23:24   1:34   1:12 
Sven Andrighetto         1  0  1  -2  0   3  0  0  2  0  1/3    22:23   2:32   0:00 

3 Stars

1 - A.J. Greer (Leh)
2 - Laurent Dauphin (Leh)
3 - Nick Sorensen (Leh)

Power Play

Senators - 0 on 1 Attempt(s) - 0.00%
Phantoms - 1 on 3 Attempt(s) - 33.33%

Penalty Kill

Senators - 2 on 3 Attempt(s) - 66.67% - Score 1 goal in Penalty Kill
Phantoms - 1 on 1 Attempt(s) - 100.00% - Score 0 goal in Penalty Kill

Team Stat

Senators - Hits : 21 - Faceoff Wins : 29 - Blocked Shots : 5 - Penalty Minutes : 6
Phantoms - Hits : 19 - Faceoff Wins : 30 - Blocked Shots : 10 - Penalty Minutes : 2

Official

Referees : Trevor Hanson and Chris Rooney
Linesman : Bryan Pancich and Jesse Marquis

Game Notes

Justus Annunen enters game at 1:10 of 2nd period

Finance

Level 1 -- Attendance: 1868 (93.40%) -- Ticket Income $130,760
Level 2 -- Attendance: 954 (95.40%) -- Ticket Income $38,160
Total Attendance: 2822 (94.07%)
Total Ticket Income: $168,920
Other Income: $8,446
Total Income: $177,366

Senators

5 vs 5 Forward 
   Center                   Left Wing                Right Wing               Time % Phy DF OF 
 1 Radek Faksa              Marc Michaelis           Kiefer Sherwood          40     1   2  2  
 2 Chase De Leo             Vitaly Abramov           Carl Grundstrom          30     1   2  2  
 3 Arttu Ruotsalainen       Anton Karlsson           Cliff Pu                 20     1   2  2  
 4 Akil Thomas              Adam Mascherin           Bryce Kindopp            10     1   2  2  

5 vs 5 Defense 
   Defense                  Defense                                           Time % Phy DF OF 
 1 Artem Zub                Corey Shueneman                                   40     1   2  2  
 2 Jesse Graham             Jonas Siegenthaler                                30     1   2  2  
 3 Mason Geertsen           Martin Fehervary                                  20     1   2  2  
 4 Gustav Forsling          Alec Regula                                       10     1   2  2  

PowerPlay Forward 
   Center                   Left Wing                Right Wing               Time % Phy DF OF 
 1 Radek Faksa              Marc Michaelis           Kiefer Sherwood          60     0   1  4  
 2 Chase De Leo             Vitaly Abramov           Carl Grundstrom          40     0   1  4  

PowerPlay Defense
   Defense                  Defense                                           Time % Phy DF OF 
 1 Artem Zub                Corey Shueneman                                   60     0   1  4  
 2 Jesse Graham             Jonas Siegenthaler                                40     0   1  4  

Penalty Kill 4 Players Forward 
   Center                   Wing                     Time % Phy DF OF 
 1 Radek Faksa              Marc Michaelis           60     1   4  0  
 2 Chase De Leo             Vitaly Abramov           40     1   4  0  

Penalty Kill 4 Players Defense
   Defense                  Defense                  Time % Phy DF OF 
 1 Artem Zub                Corey Shueneman          60     1   4  0  
 2 Jesse Graham             Jonas Siegenthaler       40     1   4  0  

Penalty Kill - 3 Players Forward 
   Forward                                           Time % Phy DF OF 
 1 Radek Faksa                                       60     1   4  0  
 2 Chase De Leo                                      40     1   4  0  

Penalty Kill - 3 Players Defense
   Defense                  Defense                  Time % Phy DF OF 
 1 Artem Zub                Corey Shueneman          60     1   4  0  
 2 Jesse Graham             Jonas Siegenthaler       40     1   4  0  

4 vs 4 Forward 
   Center                   Wing                     Time % Phy DF OF 
 1 Radek Faksa              Marc Michaelis           60     0   2  3  
 2 Chase De Leo             Vitaly Abramov           40     1   2  2  

4 vs 4 Defense
   Defense                  Defense                  Time % Phy DF OF 
 1 Artem Zub                Corey Shueneman          60     0   2  3  
 2 Jesse Graham             Jonas Siegenthaler       40     1   2  2  

Last Minutes Offensive
   Center                   Left Wing                Right Wing               Defense                  Defense                  
   Radek Faksa              Marc Michaelis           Kiefer Sherwood          Artem Zub                Corey Shueneman          

Last Minutes Defensive
   Center                   Left Wing                Right Wing               Defense                  Defense                  
   Radek Faksa              Marc Michaelis           Kiefer Sherwood          Artem Zub                Corey Shueneman          

Goaltenders
Starting : David Rittich            
Backup : Justus Annunen           

Extra Forwards
Normal : Carl Grundstrom, Vitaly Abramov, Anton Karlsson - PP : Carl Grundstrom, Vitaly Abramov - PK : Carl Grundstrom
Extra Defensemen
Normal : Martin Fehervary, Gustav Forsling, Alec Regula - PP : Martin Fehervary - PK : Martin Fehervary, Gustav Forsling
Penalty Shots
Radek Faksa, Marc Michaelis, Kiefer Sherwood, Chase De Leo, Carl Grundstrom
Custom OT Lines Forwards
Radek Faksa, Marc Michaelis, Kiefer Sherwood, Chase De Leo, Carl Grundstrom, Vitaly Abramov, Anton Karlsson, Arttu Ruotsalainen, Adam Mascherin, Cliff Pu
Custom OT Lines Defensemen
Artem Zub, Corey Shueneman, Jesse Graham, Jonas Siegenthaler, Mason Geertsen

Scratches
C.J Suess (Fractured Metatarsal (Right Foot) Injury), Ivan Morozov (Healthy), Tyler Angle (Healthy), Jett Woo (Healthy), Olivier Rodrigue (Healthy)

Phantoms

5 vs 5 Forward 
   Center                   Left Wing                Right Wing               Time % Phy DF OF 
 1 Joe Snively              Morgan Klimchuk          Sven Andrighetto         42     1   1  3  
 2 David Kampf              J.T. Brown               Rem Pitlick              33     1   1  3  
 3 Laurent Dauphin          Brett Murray             Nick Sorensen            20     1   1  3  
 4 Anthony Angello          A.J. Greer               Oliver Wahlstrom         5      1   3  1  

5 vs 5 Defense 
   Defense                  Defense                                           Time % Phy DF OF 
 1 Blake Heinrich           Mikko Lehtonen                                    45     0   2  3  
 2 Andrey Pedan             Rinat Valiev                                      35     0   2  3  
 3 Riley Stillman           Matt Kiersted                                     20     1   3  1  
 4 Riley Stillman           Matt Kiersted                                     0      1   3  1  

PowerPlay Forward 
   Center                   Left Wing                Right Wing               Time % Phy DF OF 
 1 Joe Snively              Morgan Klimchuk          Sven Andrighetto         60     0   1  4  
 2 David Kampf              J.T. Brown               Rem Pitlick              40     0   1  4  

PowerPlay Defense
   Defense                  Defense                                           Time % Phy DF OF 
 1 Blake Heinrich           Mikko Lehtonen                                    60     0   1  4  
 2 Andrey Pedan             Rinat Valiev                                      40     0   1  4  

Penalty Kill 4 Players Forward 
   Center                   Wing                     Time % Phy DF OF 
 1 David Kampf              Morgan Klimchuk          60     1   4  0  
 2 Anthony Angello          J.T. Brown               40     1   4  0  

Penalty Kill 4 Players Defense
   Defense                  Defense                  Time % Phy DF OF 
 1 Blake Heinrich           Rinat Valiev             60     1   4  0  
 2 Andrey Pedan             Matt Kiersted            40     1   4  0  

Penalty Kill - 3 Players Forward 
   Forward                                           Time % Phy DF OF 
 1 Morgan Klimchuk                                   60     1   4  0  
 2 J.T. Brown                                        40     1   4  0  

Penalty Kill - 3 Players Defense
   Defense                  Defense                  Time % Phy DF OF 
 1 Blake Heinrich           Rinat Valiev             60     1   4  0  
 2 Andrey Pedan             Matt Kiersted            40     1   4  0  

4 vs 4 Forward 
   Center                   Wing                     Time % Phy DF OF 
 1 Joe Snively              Morgan Klimchuk          60     1   2  2  
 2 David Kampf              Sven Andrighetto         40     1   2  2  

4 vs 4 Defense
   Defense                  Defense                  Time % Phy DF OF 
 1 Blake Heinrich           Mikko Lehtonen           60     1   2  2  
 2 Andrey Pedan             Rinat Valiev             40     1   2  2  

Last Minutes Offensive
   Center                   Left Wing                Right Wing               Defense                  Defense                  
   Joe Snively              Morgan Klimchuk          Sven Andrighetto         Blake Heinrich           Mikko Lehtonen           

Last Minutes Defensive
   Center                   Left Wing                Right Wing               Defense                  Defense                  
   Joe Snively              Morgan Klimchuk          Sven Andrighetto         Blake Heinrich           Rinat Valiev             

Goaltenders
Starting : Zachary Fucale           
Backup : Kevin Lankinen           

Extra Forwards
Normal : Morgan Klimchuk, J.T. Brown, Nick Sorensen - PP : Morgan Klimchuk, J.T. Brown - PK : Rem Pitlick
Extra Defensemen
Normal : Blake Heinrich, Rinat Valiev, Andrey Pedan - PP : Mikko Lehtonen - PK : Blake Heinrich, Rinat Valiev
Penalty Shots
Joe Snively, Rem Pitlick, Morgan Klimchuk, Nick Sorensen, Sven Andrighetto
Custom OT Lines Forwards
Morgan Klimchuk, Joe Snively, Sven Andrighetto, J.T. Brown, Rem Pitlick, Nick Sorensen, David Kampf, Brett Murray, A.J. Greer, Laurent Dauphin
Custom OT Lines Defensemen
Blake Heinrich, Mikko Lehtonen, Andrey Pedan, Rinat Valiev, Matt Kiersted

Scratches
Benoit-Olivier Groulx (Healthy), Cooper Marody (Healthy), Cristoval Nieves (Bruised Left Arm Injury), Ty Smith (Healthy), Victor Berglund (Healthy)
Fabian Zetterlund (Healthy), David Gustafsson (Healthy), Josiah Slavin (Healthy), Cam York (Healthy), Kaedan Korczak (Healthy)
Danil Zhuravlyov (Healthy), Alex Beaucage (Healthy), Arsen Khisamutdinov (Healthy), Jacob Ingham (Healthy), Zachary Sawchenko (Healthy)

% Time on Ice - Senators

Lines # - Real PCT - Wanted PCT - Time Play
Normal Forward
1 - 35% - 40% - 18:43
2 - 30% - 30% - 15:55
3 - 20% - 20% - 10:56
4 - 15% - 10% - 8:15
Normal Defense
1 - 39% - 40% - 20:56
2 - 30% - 30% - 16:12
3 - 21% - 20% - 11:12
4 - 10% - 10% - 5:29
PP Forward
1 - 57% - 60% - 1:08
2 - 43% - 40% - 0:51
PP Defense
1 - 66% - 60% - 1:18
2 - 34% - 40% - 0:41
PK Forward
1 - 63% - 60% - 2:40
2 - 37% - 40% - 1:32
PK Defense
1 - 62% - 60% - 2:37
2 - 38% - 40% - 1:35
PK3 Forward
1 - 0% - 60%
2 - 0% - 40%
PK3 Defense
1 - 0% - 60%
2 - 0% - 40%
44 Forward
1 - 0% - 60%
2 - 0% - 40%
44 Defense
1 - 0% - 60%
2 - 0% - 40%
Last Minute Offensive  - 0:00
Last Minute Defensive  - 0:00
Total
Forward - 60:00
Defense - 60:00

% Time on Ice - Phantoms

Lines # - Real PCT - Wanted PCT - Time Play
Normal Forward
1 - 37% - 42% - 19:54
2 - 29% - 33% - 15:22
3 - 21% - 20% - 11:13
4 - 14% - 5% - 7:20
Normal Defense
1 - 42% - 45% - 22:52
2 - 37% - 35% - 19:46
3 - 21% - 20% - 11:04
4 - 0% - 0% - 0:07
PP Forward
1 - 60% - 60% - 2:32
2 - 40% - 40% - 1:40
PP Defense
1 - 63% - 60% - 2:38
2 - 37% - 40% - 1:34
PK Forward
1 - 100% - 60% - 1:59
2 - 0% - 40% - 0:00
PK Defense
1 - 61% - 60% - 1:12
2 - 39% - 40% - 0:47
PK3 Forward
1 - 0% - 60%
2 - 0% - 40%
PK3 Defense
1 - 0% - 60%
2 - 0% - 40%
44 Forward
1 - 0% - 60%
2 - 0% - 40%
44 Defense
1 - 0% - 60%
2 - 0% - 40%
Last Minute Offensive  - 0:00
Last Minute Defensive  - 0:00
Total
Forward - 60:00
Defense - 60:00

Play-by-Play

1st period


0:01 of 1st period - Radek Faksa wins face-off versus Joe Snively in neutral zone.
0:08 of 1st period - Wrist shot by Kiefer Sherwood.
0:08 of 1st period - Stopped by Zachary Fucale without a rebound.
0:09 of 1st period - Joe Snively wins face-off versus Radek Faksa in Phantoms zone.
0:59 of 1st period - Off-side.
1:00 of 1st period - Chase De Leo wins face-off versus David Kampf in neutral zone.
1:02 of 1st period - Off-side.
1:03 of 1st period - David Kampf wins face-off versus Chase De Leo in neutral zone.
1:18 of 1st period - Snap shot by Chase De Leo.
1:18 of 1st period - Shot Misses the Net.
1:58 of 1st period - Wrist shot by A.J. Greer.
1:58 of 1st period - Shot Blocked by Mason Geertsen.
2:00 of 1st period - Wrist shot by A.J. Greer.
2:00 of 1st period - Shot Misses the Net.
2:31 of 1st period - Martin Fehervary is hit by Riley Stillman and loses puck.
3:02 of 1st period - Wrist shot by Arttu Ruotsalainen.
3:02 of 1st period - Shot Misses the Net.
3:12 of 1st period - Minor Penalty to Cliff Pu for Cross-checking.
3:13 of 1st period - Radek Faksa wins face-off versus Joe Snively in Senators zone.
3:40 of 1st period - Slapshot by Chase De Leo.
3:40 of 1st period - Shot Misses the Net.
3:42 of 1st period - Slapshot by Jonas Siegenthaler.
3:42 of 1st period - Stopped by Zachary Fucale with a rebound.
3:44 of 1st period - Snap shot by Vitaly Abramov.
3:44 of 1st period - Goal by Vitaly Abramov - Senators : 1 - Phantoms : 0.
3:45 of 1st period - Radek Faksa wins face-off versus Joe Snively in neutral zone.
4:11 of 1st period - Blake Heinrich is hit by Corey Shueneman and loses puck.
4:37 of 1st period - Jonas Siegenthaler is hit by Morgan Klimchuk and loses puck.
4:54 of 1st period - Sven Andrighetto is hit by Artem Zub and loses puck.
5:12 of 1st period - Penalty to Cliff Pu is over, Cliff Pu is back on ice.
5:17 of 1st period - Snap shot by Marc Michaelis.
5:17 of 1st period - Stopped by Zachary Fucale with a rebound.
5:19 of 1st period - Slapshot by Gustav Forsling.
5:19 of 1st period - Deflect By Adam Mascherin.
5:19 of 1st period - Shot Misses the Net.
5:19 of 1st period - Puck is out of play.
5:20 of 1st period - Laurent Dauphin wins face-off versus Akil Thomas in Phantoms zone.
5:20 of 1st period - Laurent Dauphin is hit by Akil Thomas.
5:33 of 1st period - Minor Penalty to Alec Regula for Roughing.
5:34 of 1st period - Joe Snively wins face-off versus Radek Faksa in Senators zone.
5:36 of 1st period - Snap shot by Joe Snively.
5:36 of 1st period - Shot Misses the Net.
5:38 of 1st period - Slapshot by Morgan Klimchuk.
5:38 of 1st period - Shot Misses the Net.
6:25 of 1st period - Snap shot by Blake Heinrich.
6:25 of 1st period - Stopped by David Rittich without a rebound.
6:26 of 1st period - Joe Snively wins face-off versus Chase De Leo in Senators zone.
7:33 of 1st period - Penalty to Alec Regula is over, Alec Regula is back on ice.
7:46 of 1st period - Snap shot by Nick Sorensen.
7:46 of 1st period - Stopped by David Rittich with a rebound.
7:48 of 1st period - Snap shot by Matt Kiersted.
7:48 of 1st period - Stopped by David Rittich with a rebound.
9:39 of 1st period - Andrey Pedan is hit by Arttu Ruotsalainen and loses puck.
9:46 of 1st period - Snap shot by Arttu Ruotsalainen.
9:46 of 1st period - Stopped by Zachary Fucale with a rebound.
9:58 of 1st period - Snap shot by Nick Sorensen.
9:58 of 1st period - Shot Misses the Net.
10:02 of 1st period - Slapshot by Morgan Klimchuk.
10:02 of 1st period - Stopped by David Rittich without a rebound.
10:03 of 1st period - Joe Snively wins face-off versus Radek Faksa in Senators zone.
10:04 of 1st period - Snap shot by Morgan Klimchuk.
10:04 of 1st period - Shot Misses the Net.
10:10 of 1st period - Wrist shot by Radek Faksa.
10:10 of 1st period - Shot Misses the Net.
10:12 of 1st period - Slapshot by Artem Zub.
10:12 of 1st period - Deflect By Radek Faksa.
10:12 of 1st period - Goal by Radek Faksa - Senators : 2 - Phantoms : 0.
10:13 of 1st period - David Kampf wins face-off versus Radek Faksa in neutral zone.
10:24 of 1st period - Slapshot by J.T. Brown.
10:24 of 1st period - Stopped by David Rittich with a rebound.
10:38 of 1st period - Blake Heinrich is hit by Carl Grundstrom and loses puck.
11:14 of 1st period - Wrist shot by Arttu Ruotsalainen.
11:14 of 1st period - Shot Blocked by Laurent Dauphin.
11:50 of 1st period - Snap shot by Bryce Kindopp.
11:50 of 1st period - Stopped by Zachary Fucale with a rebound.
11:52 of 1st period - Slapshot by Gustav Forsling.
11:52 of 1st period - Stopped by Zachary Fucale without a rebound.
11:53 of 1st period - Joe Snively wins face-off versus Radek Faksa in Phantoms zone.
11:58 of 1st period - Slapshot by Blake Heinrich.
11:58 of 1st period - Stopped by David Rittich without a rebound.
11:59 of 1st period - Joe Snively wins face-off versus Radek Faksa in Senators zone.
12:02 of 1st period - Snap shot by Morgan Klimchuk.
12:02 of 1st period - Stopped by David Rittich with a rebound.
12:14 of 1st period - Slapshot by Kiefer Sherwood.
12:14 of 1st period - Stopped by Zachary Fucale without a rebound.
12:15 of 1st period - Chase De Leo wins face-off versus David Kampf in Phantoms zone.
12:40 of 1st period - Mikko Lehtonen is hit by Corey Shueneman.
13:00 of 1st period - Jonas Siegenthaler is hit by Morgan Klimchuk and loses puck.
13:15 of 1st period - Wrist shot by Morgan Klimchuk.
13:15 of 1st period - Stopped by David Rittich without a rebound.
13:16 of 1st period - Chase De Leo wins face-off versus J.T. Brown in Senators zone.
13:28 of 1st period - Vitaly Abramov is hit by David Kampf and loses puck.
13:41 of 1st period - Artem Zub is hit by Brett Murray and loses puck.
13:46 of 1st period - Slapshot by Laurent Dauphin.
13:46 of 1st period - Stopped by David Rittich with a rebound.
14:09 of 1st period - Anthony Angello is hit by Jonas Siegenthaler and loses puck.
14:54 of 1st period - Morgan Klimchuk is hit by Jonas Siegenthaler.
14:58 of 1st period - Vitaly Abramov is hit by Morgan Klimchuk and loses puck.
15:16 of 1st period - Off-side.
15:17 of 1st period - Arttu Ruotsalainen wins face-off versus David Kampf in neutral zone.
15:22 of 1st period - Wrist shot by Arttu Ruotsalainen.
15:22 of 1st period - Stopped by Zachary Fucale with a rebound.
15:28 of 1st period - Slapshot by Artem Zub.
15:28 of 1st period - Deflect By Arttu Ruotsalainen.
15:28 of 1st period - Stopped by Zachary Fucale with a rebound.
15:42 of 1st period - Marc Michaelis is hit by Blake Heinrich and loses puck.
15:56 of 1st period - Kiefer Sherwood is hit by Brett Murray and loses puck.
16:17 of 1st period - Wrist shot by Oliver Wahlstrom.
16:17 of 1st period - Goal by Oliver Wahlstrom - Senators : 2 - Phantoms : 1.
16:18 of 1st period - Joe Snively wins face-off versus Chase De Leo in neutral zone.
16:23 of 1st period - Martin Fehervary is hit by Morgan Klimchuk and loses puck.
16:44 of 1st period - Martin Fehervary is hit by Blake Heinrich and loses puck.
16:49 of 1st period - Slapshot by Rem Pitlick.
16:49 of 1st period - Goal by Rem Pitlick - Senators : 2 - Phantoms : 2.
16:50 of 1st period - Radek Faksa wins face-off versus Joe Snively in neutral zone.
17:05 of 1st period - Wrist shot by Kiefer Sherwood.
17:05 of 1st period - Deflect By Radek Faksa.
17:05 of 1st period - Stopped by Zachary Fucale with a rebound.
17:20 of 1st period - J.T. Brown is hit by Carl Grundstrom and loses puck.
18:16 of 1st period - Kiefer Sherwood is hit by Joe Snively and loses puck.
18:21 of 1st period - Snap shot by Joe Snively.
18:21 of 1st period - Stopped by David Rittich with a rebound.
18:33 of 1st period - Minor Penalty to Marc Michaelis for Close Hand On Puck.
18:34 of 1st period - Radek Faksa wins face-off versus Joe Snively in Senators zone.
18:47 of 1st period - Wrist shot by Joe Snively.
18:47 of 1st period - Goal by Joe Snively - Senators : 2 - Phantoms : 3.
18:48 of 1st period - Radek Faksa wins face-off versus Joe Snively in neutral zone.
Goals for this period are 2 for Senators vs 3 for Phantoms.
Shots for this period are 12 for Senators vs 13 for Phantoms.

2nd period


0:01 of 2nd period - Radek Faksa wins face-off versus Joe Snively in neutral zone.
0:16 of 2nd period - Snap shot by Sven Andrighetto.
0:16 of 2nd period - Deflect By Morgan Klimchuk.
0:16 of 2nd period - Stopped by David Rittich with a rebound.
0:26 of 2nd period - J.T. Brown is hit by Artem Zub and loses puck.
1:10 of 2nd period - Snap shot by Nick Sorensen.
1:10 of 2nd period - Goal by Nick Sorensen - Senators : 2 - Phantoms : 4.
1:10 of 2nd period - Justus Annunen enters game.
1:11 of 2nd period - Radek Faksa wins face-off versus Joe Snively in neutral zone.
1:16 of 2nd period - Wrist shot by Marc Michaelis.
1:16 of 2nd period - Shot Misses the Net.
1:22 of 2nd period - Wrist shot by Sven Andrighetto.
1:22 of 2nd period - Deflect By Morgan Klimchuk.
1:22 of 2nd period - Stopped by Justus Annunen with a rebound.
1:24 of 2nd period - Snap shot by Sven Andrighetto.
1:24 of 2nd period - Goal by Sven Andrighetto - Senators : 2 - Phantoms : 5.
1:25 of 2nd period - Radek Faksa wins face-off versus Joe Snively in neutral zone.
1:28 of 2nd period - Wrist shot by Kiefer Sherwood.
1:28 of 2nd period - Shot Misses the Net.
2:23 of 2nd period - Slapshot by Artem Zub.
2:23 of 2nd period - Shot Blocked by Rinat Valiev.
2:25 of 2nd period - Slapshot by Corey Shueneman.
2:25 of 2nd period - Shot Misses the Net.
2:27 of 2nd period - Slapshot by Bryce Kindopp.
2:27 of 2nd period - Shot Misses the Net.
2:37 of 2nd period - Slapshot by Rinat Valiev.
2:37 of 2nd period - Stopped by Justus Annunen with a rebound.
2:43 of 2nd period - Brett Murray is hit by Marc Michaelis.
3:01 of 2nd period - Snap shot by Blake Heinrich.
3:01 of 2nd period - Shot Misses the Net.
3:07 of 2nd period - Mikko Lehtonen is hit by Jesse Graham and loses puck.
3:28 of 2nd period - Slapshot by A.J. Greer.
3:28 of 2nd period - Stopped by Justus Annunen with a rebound.
3:30 of 2nd period - Slapshot by Blake Heinrich.
3:30 of 2nd period - Shot Misses the Net.
3:32 of 2nd period - Slapshot by Mikko Lehtonen.
3:32 of 2nd period - Shot Misses the Net.
3:43 of 2nd period - Icing by Anton Karlsson.
3:44 of 2nd period - Arttu Ruotsalainen wins face-off versus Laurent Dauphin in Senators zone.
3:55 of 2nd period - Wrist shot by Radek Faksa.
3:55 of 2nd period - Shot Misses the Net.
4:35 of 2nd period - J.T. Brown is hit by Arttu Ruotsalainen and loses puck.
5:22 of 2nd period - Snap shot by Adam Mascherin.
5:22 of 2nd period - Shot Blocked by Blake Heinrich.
5:24 of 2nd period - Snap shot by Radek Faksa.
5:24 of 2nd period - Stopped by Zachary Fucale with a rebound.
5:26 of 2nd period - Wrist shot by Marc Michaelis.
5:26 of 2nd period - Stopped by Zachary Fucale without a rebound.
5:27 of 2nd period - Radek Faksa wins face-off versus Joe Snively in Phantoms zone.
6:00 of 2nd period - Snap shot by Kiefer Sherwood.
6:00 of 2nd period - Shot Misses the Net.
6:26 of 2nd period - Snap shot by Vitaly Abramov.
6:26 of 2nd period - Shot Blocked by Rem Pitlick.
6:28 of 2nd period - Wrist shot by Chase De Leo.
6:28 of 2nd period - Stopped by Zachary Fucale without a rebound.
6:29 of 2nd period - Sven Andrighetto wins face-off versus Chase De Leo in Phantoms zone.
6:37 of 2nd period - Off-side.
6:38 of 2nd period - Joe Snively wins face-off versus Chase De Leo in neutral zone.
6:47 of 2nd period - Slapshot by Andrey Pedan.
6:47 of 2nd period - Shot Blocked by Artem Zub.
7:42 of 2nd period - Snap shot by Vitaly Abramov.
7:42 of 2nd period - Stopped by Zachary Fucale with a rebound.
7:44 of 2nd period - Slapshot by Artem Zub.
7:44 of 2nd period - Shot Misses the Net.
7:46 of 2nd period - Snap shot by Vitaly Abramov.
7:46 of 2nd period - Stopped by Zachary Fucale without a rebound.
7:47 of 2nd period - Radek Faksa wins face-off versus David Kampf in Phantoms zone.
8:14 of 2nd period - Icing by Mikko Lehtonen.
8:15 of 2nd period - David Kampf wins face-off versus Adam Mascherin in Phantoms zone.
8:26 of 2nd period - Slapshot by Adam Mascherin.
8:26 of 2nd period - Shot Misses the Net.
8:38 of 2nd period - Jesse Graham is hit by J.T. Brown and loses puck.
8:49 of 2nd period - Snap shot by Adam Mascherin.
8:49 of 2nd period - Stopped by Zachary Fucale with a rebound.
9:05 of 2nd period - Riley Stillman is hit by Bryce Kindopp and loses puck.
9:11 of 2nd period - Off-side.
9:12 of 2nd period - Radek Faksa wins face-off versus Joe Snively in neutral zone.
9:15 of 2nd period - Slapshot by Artem Zub.
9:15 of 2nd period - Deflect By Kiefer Sherwood.
9:15 of 2nd period - Goal by Kiefer Sherwood - Senators : 3 - Phantoms : 5.
9:16 of 2nd period - Radek Faksa wins face-off versus Joe Snively in neutral zone.
10:05 of 2nd period - Slapshot by Blake Heinrich.
10:05 of 2nd period - Stopped by Justus Annunen without a rebound.
10:06 of 2nd period - Anthony Angello wins face-off versus Arttu Ruotsalainen in Senators zone.
10:15 of 2nd period - Slapshot by A.J. Greer.
10:15 of 2nd period - Stopped by Justus Annunen without a rebound.
10:16 of 2nd period - Radek Faksa wins face-off versus Sven Andrighetto in Senators zone.
10:24 of 2nd period - Minor Penalty to Morgan Klimchuk for Tripping.
10:25 of 2nd period - Radek Faksa wins face-off versus David Kampf in Phantoms zone.
10:31 of 2nd period - Snap shot by Radek Faksa.
10:31 of 2nd period - Deflect By Marc Michaelis.
10:31 of 2nd period - Deflect By Rem Pitlick.
10:31 of 2nd period - Shot Misses the Net.
10:31 of 2nd period - Puck is out of play.
10:32 of 2nd period - David Kampf wins face-off versus Radek Faksa in Phantoms zone.
11:38 of 2nd period - A.J. Greer is hit by Kiefer Sherwood and loses puck.
12:09 of 2nd period - Corey Shueneman is hit by Brett Murray and loses puck.
12:24 of 2nd period - Penalty to Morgan Klimchuk is over, Morgan Klimchuk is back on ice.
13:55 of 2nd period - Off-side.
13:56 of 2nd period - Joe Snively wins face-off versus Radek Faksa in neutral zone.
14:43 of 2nd period - Wrist shot by Laurent Dauphin.
14:43 of 2nd period - Goal by Laurent Dauphin - Senators : 3 - Phantoms : 6.
14:44 of 2nd period - Joe Snively wins face-off versus Radek Faksa in neutral zone.
15:46 of 2nd period - Icing by Corey Shueneman.
15:47 of 2nd period - Chase De Leo wins face-off versus Joe Snively in Senators zone.
15:55 of 2nd period - Off-side.
15:56 of 2nd period - Joe Snively wins face-off versus Radek Faksa in neutral zone.
16:13 of 2nd period - Snap shot by Sven Andrighetto.
16:13 of 2nd period - Stopped by Justus Annunen with a rebound.
16:15 of 2nd period - Slapshot by Andrey Pedan.
16:15 of 2nd period - Shot Blocked by Radek Faksa.
16:40 of 2nd period - Wrist shot by Morgan Klimchuk.
16:40 of 2nd period - Shot Misses the Net.
16:42 of 2nd period - Slapshot by Rinat Valiev.
16:42 of 2nd period - Shot Misses the Net.
16:44 of 2nd period - Snap shot by Joe Snively.
16:44 of 2nd period - Stopped by Justus Annunen with a rebound.
16:46 of 2nd period - Slapshot by Rinat Valiev.
16:46 of 2nd period - Deflect By Jesse Graham.
16:46 of 2nd period - Stopped by Justus Annunen without a rebound.
16:47 of 2nd period - J.T. Brown wins face-off versus Chase De Leo in Senators zone.
16:52 of 2nd period - Wrist shot by Rem Pitlick.
16:52 of 2nd period - Shot Hit the Post.
16:54 of 2nd period - Slapshot by David Kampf.
16:54 of 2nd period - Stopped by Justus Annunen with a rebound.
16:56 of 2nd period - Wrist shot by Rem Pitlick.
16:56 of 2nd period - Shot Blocked by Chase De Leo.
17:31 of 2nd period - Slapshot by Anton Karlsson.
17:31 of 2nd period - Shot Misses the Net.
17:37 of 2nd period - Bryce Kindopp is hit by A.J. Greer and loses puck.
18:37 of 2nd period - Snap shot by Anton Karlsson.
18:37 of 2nd period - Shot Misses the Net.
18:55 of 2nd period - Wrist shot by Bryce Kindopp.
18:55 of 2nd period - Shot Blocked by Rinat Valiev.
Goals for this period are 1 for Senators vs 3 for Phantoms.
Shots for this period are 7 for Senators vs 13 for Phantoms.

3rd period


0:01 of 3rd period - Marc Michaelis wins face-off versus Morgan Klimchuk in neutral zone.
0:26 of 3rd period - Rem Pitlick is hit by Chase De Leo and loses puck.
0:35 of 3rd period - Snap shot by Vitaly Abramov.
0:35 of 3rd period - Stopped by Zachary Fucale with a rebound.
0:37 of 3rd period - Slapshot by Vitaly Abramov.
0:37 of 3rd period - Shot Misses the Net.
1:12 of 3rd period - Slapshot by Blake Heinrich.
1:12 of 3rd period - Stopped by Justus Annunen without a rebound.
1:13 of 3rd period - Radek Faksa wins face-off versus Joe Snively in Senators zone.
1:28 of 3rd period - Snap shot by Joe Snively.
1:28 of 3rd period - Stopped by Justus Annunen without a rebound.
1:29 of 3rd period - David Kampf wins face-off versus Chase De Leo in Senators zone.
2:31 of 3rd period - Martin Fehervary is hit by Rinat Valiev and loses puck.
2:52 of 3rd period - Wrist shot by A.J. Greer.
2:52 of 3rd period - Deflect By Rem Pitlick.
2:52 of 3rd period - Shot Misses the Net.
2:52 of 3rd period - Puck is out of play.
2:53 of 3rd period - David Kampf wins face-off versus Chase De Leo in Senators zone.
3:47 of 3rd period - Wrist shot by Anton Karlsson.
3:47 of 3rd period - Shot Blocked by Matt Kiersted.
3:49 of 3rd period - Snap shot by Arttu Ruotsalainen.
3:49 of 3rd period - Shot Blocked by Riley Stillman.
3:51 of 3rd period - Snap shot by Anton Karlsson.
3:51 of 3rd period - Shot Blocked by Nick Sorensen.
3:53 of 3rd period - Slapshot by Jonas Siegenthaler.
3:53 of 3rd period - Deflect By Anton Karlsson.
3:53 of 3rd period - Stopped by Zachary Fucale with a rebound.
3:55 of 3rd period - Wrist shot by Arttu Ruotsalainen.
3:55 of 3rd period - Stopped by Zachary Fucale without a rebound.
3:56 of 3rd period - David Kampf wins face-off versus Chase De Leo in Phantoms zone.
4:29 of 3rd period - Snap shot by Nick Sorensen.
4:29 of 3rd period - Stopped by Justus Annunen with a rebound.
4:31 of 3rd period - Snap shot by Brett Murray.
4:31 of 3rd period - Shot Misses the Net.
5:05 of 3rd period - Corey Shueneman is hit by David Kampf and loses puck.
5:30 of 3rd period - Wrist shot by Oliver Wahlstrom.
5:30 of 3rd period - Shot Misses the Net.
5:32 of 3rd period - Snap shot by A.J. Greer.
5:32 of 3rd period - Deflect By Artem Zub.
5:32 of 3rd period - Shot Misses the Net.
5:32 of 3rd period - Puck is out of play.
5:33 of 3rd period - Radek Faksa wins face-off versus Joe Snively in Senators zone.
6:22 of 3rd period - Snap shot by Rem Pitlick.
6:22 of 3rd period - Shot Hit the Post.
6:24 of 3rd period - Slapshot by Rem Pitlick.
6:24 of 3rd period - Shot Misses the Net.
8:28 of 3rd period - Snap shot by David Kampf.
8:28 of 3rd period - Stopped by Justus Annunen with a rebound.
8:30 of 3rd period - Slapshot by Blake Heinrich.
8:30 of 3rd period - Stopped by Justus Annunen without a rebound.
8:31 of 3rd period - Chase De Leo wins face-off versus Sven Andrighetto in Senators zone.
8:38 of 3rd period - Slapshot by Vitaly Abramov.
8:38 of 3rd period - Shot Misses the Net.
8:40 of 3rd period - Wrist shot by Chase De Leo.
8:40 of 3rd period - Shot Misses the Net.
8:42 of 3rd period - Slapshot by Artem Zub.
8:42 of 3rd period - Shot Blocked by Matt Kiersted.
8:56 of 3rd period - Joe Snively is hit by Bryce Kindopp and loses puck.
9:19 of 3rd period - Arttu Ruotsalainen is hit by Brett Murray.
9:29 of 3rd period - Snap shot by Anton Karlsson.
9:29 of 3rd period - Stopped by Zachary Fucale with a rebound.
9:32 of 3rd period - Icing by Rinat Valiev.
9:33 of 3rd period - Radek Faksa wins face-off versus Laurent Dauphin in Phantoms zone.
10:07 of 3rd period - Wrist shot by Jesse Graham.
10:07 of 3rd period - Shot Misses the Net.
10:09 of 3rd period - Slapshot by Jesse Graham.
10:09 of 3rd period - Deflect By Cliff Pu.
10:09 of 3rd period - Stopped by Zachary Fucale without a rebound.
10:10 of 3rd period - Joe Snively wins face-off versus Radek Faksa in Phantoms zone.
10:17 of 3rd period - Wrist shot by Morgan Klimchuk.
10:17 of 3rd period - Stopped by Justus Annunen without a rebound.
10:18 of 3rd period - Joe Snively wins face-off versus Radek Faksa in Senators zone.
10:33 of 3rd period - Wrist shot by Joe Snively.
10:33 of 3rd period - Shot Misses the Net.
10:55 of 3rd period - Wrist shot by Sven Andrighetto.
10:55 of 3rd period - Deflect By Joe Snively.
10:55 of 3rd period - Stopped by Justus Annunen without a rebound.
10:56 of 3rd period - David Kampf wins face-off versus Chase De Leo in Senators zone.
10:59 of 3rd period - Snap shot by J.T. Brown.
10:59 of 3rd period - Shot Misses the Net.
11:01 of 3rd period - Slapshot by J.T. Brown.
11:01 of 3rd period - Stopped by Justus Annunen without a rebound.
11:02 of 3rd period - Chase De Leo wins face-off versus David Kampf in Senators zone.
11:11 of 3rd period - Snap shot by Vitaly Abramov.
11:11 of 3rd period - Stopped by Zachary Fucale with a rebound.
11:19 of 3rd period - Icing by Rinat Valiev.
11:20 of 3rd period - David Kampf wins face-off versus Radek Faksa in Phantoms zone.
11:34 of 3rd period - Off-side.
11:35 of 3rd period - Joe Snively wins face-off versus Chase De Leo in neutral zone.
11:50 of 3rd period - Snap shot by Joe Snively.
11:50 of 3rd period - Shot Misses the Net.
11:52 of 3rd period - Snap shot by Sven Andrighetto.
11:52 of 3rd period - Stopped by Justus Annunen with a rebound.
12:04 of 3rd period - Snap shot by Rem Pitlick.
12:04 of 3rd period - Stopped by Justus Annunen with a rebound.
12:30 of 3rd period - Snap shot by Arttu Ruotsalainen.
12:30 of 3rd period - Shot Blocked by Andrey Pedan.
13:49 of 3rd period - Snap shot by Martin Fehervary.
13:49 of 3rd period - Stopped by Zachary Fucale with a rebound.
14:15 of 3rd period - Off-side.
14:16 of 3rd period - Chase De Leo wins face-off versus Anthony Angello in neutral zone.
14:27 of 3rd period - Slapshot by A.J. Greer.
14:27 of 3rd period - Shot Misses the Net.
14:29 of 3rd period - Slapshot by Rinat Valiev.
14:29 of 3rd period - Stopped by Justus Annunen with a rebound.
14:31 of 3rd period - Wrist shot by A.J. Greer.
14:31 of 3rd period - Goal by A.J. Greer - Senators : 3 - Phantoms : 7.
14:32 of 3rd period - Joe Snively wins face-off versus Radek Faksa in neutral zone.
14:37 of 3rd period - Snap shot by Joe Snively.
14:37 of 3rd period - Shot Blocked by Corey Shueneman.
14:57 of 3rd period - Blake Heinrich is hit by Arttu Ruotsalainen and loses puck.
15:22 of 3rd period - Icing by Andrey Pedan.
15:23 of 3rd period - Joe Snively wins face-off versus Akil Thomas in Phantoms zone.
15:54 of 3rd period - Wrist shot by Morgan Klimchuk.
15:54 of 3rd period - Shot Misses the Net.
16:00 of 3rd period - Wrist shot by Joe Snively.
16:00 of 3rd period - Deflect By Sven Andrighetto.
16:00 of 3rd period - Shot Misses the Net.
16:00 of 3rd period - Puck is out of play.
16:01 of 3rd period - David Kampf wins face-off versus Radek Faksa in Senators zone.
16:08 of 3rd period - Snap shot by Rem Pitlick.
16:08 of 3rd period - Shot Misses the Net.
16:10 of 3rd period - Slapshot by Mikko Lehtonen.
16:10 of 3rd period - Shot Misses the Net.
16:16 of 3rd period - Snap shot by J.T. Brown.
16:16 of 3rd period - Shot Misses the Net.
16:51 of 3rd period - Carl Grundstrom is hit by A.J. Greer and loses puck.
16:56 of 3rd period - Snap shot by Rinat Valiev.
16:56 of 3rd period - Stopped by Justus Annunen with a rebound.
17:23 of 3rd period - Icing by Mason Geertsen.
17:24 of 3rd period - Radek Faksa wins face-off versus Anthony Angello in Senators zone.
17:24 of 3rd period - Radek Faksa is hit by A.J. Greer.
18:22 of 3rd period - Backhand shot by Bryce Kindopp.
18:22 of 3rd period - Deflect By Adam Mascherin.
18:22 of 3rd period - Stopped by Zachary Fucale with a rebound.
19:21 of 3rd period - Rem Pitlick is hit by Gustav Forsling and loses puck.
19:36 of 3rd period - Riley Stillman is hit by Adam Mascherin and loses puck.
19:48 of 3rd period - Sven Andrighetto is hit by Adam Mascherin and loses puck.
Goals for this period are 0 for Senators vs 1 for Phantoms.
Shots for this period are 8 for Senators vs 13 for Phantoms. Output by the SimonT Hockey Simulator (STHS) for Francois Prevost - Original Page W3C HTML5 Valid
Hockey Simulator - Hockey Simulation - Hockey Manager